 Dungeon Crawl Stone Soup version 0.28-a0-834-g1a73be5ee4 (webtiles) character file.

Game seed: 16721586992805393982

2 flotson the Sneak (level 1, -2/18 HPs)
             Began as a Demonspawn Delver on Nov 11, 2021.
             Slain by an orc (4 damage)
             ... on level 4 of the Dungeon.
             The game lasted 00:00:44 (205 turns).

flotson the Sneak (Demonspawn Delver)                Turns: 205, Time: 00:00:44

Health: -2/18      AC:  3    Str: 12    XL:     1   Next: 33%
Magic:  1/1        EV: 11    Int: 11    God:
Gold:   16         SH:  0    Dex: 14    Spells: 0/0 levels left

rFire   . . .      SeeInvis .   a - +0 hand axe
rCold   . . .      Faith    .   (no shield)
rNeg    . . .      Spirit   .   b - +0 leather armour
rPois   .          Reflect  .   (no helmet)
rElec   .          Harm     .   (no cloak)
rCorr   .          Rampage  .   (no gloves)
Will    .....                   (no boots)
Stlth   ++........              (no amulet)
HPRegen 0.06/turn               (no ring)
MPRegen 0.07/turn               (no ring)

@: no status effects
A: no striking features
a: no special abilities


You were on level 4 of the Dungeon.
You visited 1 branch of the dungeon, and saw 2 of its levels.

You collected 16 gold pieces.

Inventory:

Hand Weapons
 a - a +0 hand axe (weapon)
Missiles
 i - 4 javelins (quivered)
Armour
 b - a +0 leather armour (worn)
Wands
 g - a wand of digging (3)
Scrolls
 c - a scroll of fog
 d - a scroll of magic mapping
 e - a scroll of fear
 h - a scroll of enchant armour {unknown}
Potions
 f - a potion of haste


   Skills:
 + Level 3.0 Fighting
 - Level 1.7 Axes
 + Level 0.0 Throwing
 + Level 0.2 Armour
 + Level 1.8 Dodging
 - Level 4.5 Stealth


You couldn't memorise any spells.
You didn't know any spells.
Your spell library was empty.

Dungeon Overview and Level Annotations

Branches:
Dungeon (5/15)
 Temple: D:4-7

Altars:


Message History

The ball python constricts you.
You barely miss the ball python. The ball python barely misses you.
The ball python constricts you.
You hit the ball python.
The ball python is severely wounded.
The ball python bites you but does no damage.
The ball python constricts you. The ball python closely misses you.
The ball python constricts you.
You hit the ball python.
You kill the ball python!
You now have 16 gold pieces (gained 8).
Found 4 javelins.
You see here 4 javelins.
i - 4 javelins You open the door.
A ball python and an ogre come into view.
You close the door.
You hear the slow hiss of a very distant avalanche of sand.
You open the door.
There is an open door here.
An orc comes into view. It is wielding a +0 trident.
The orc barely misses you.
You hit the orc.
The orc is almost dead.
The orc hits you with a +0 trident.
You closely miss the orc.
The orc is almost dead.
The orc hits you with a +0 trident.
* * * LOW HITPOINT WARNING * * *
The orc misses you.
You barely miss the orc.
The orc is almost dead.
The orc hits you but does no damage.
You closely miss the orc.
The orc is almost dead.
The orc barely misses you.
You barely miss the orc.
The orc is almost dead.
The orc hits you with a +0 trident.
You die...

.S.....># ....#.#.# .
.. #.# ## #.# #.# #
#.###.# #. #.....####
#..##### ######....
#..o@..# ###....#..#.
#.####.###......#....
#...'......##...
#####...........
#.....####..
#.....#.....
#.....#.##..
#####...#..# #.##..##


You could see an orc.

Vanquished Creatures
  An orc (D:5)
  A ball python (D:4)
2 creatures vanquished.

Notes
Turn   | Place    | Note
-------+----------+-------------------------------------------
     0 | D:5      | flotson the Demonspawn Delver began the quest for the Orb.
     0 | D:5      | Reached XP level 1. HP: 18/18 MP: 1/1
   178 | D:4      | Noticed an ogre
   205 | D:4      | Slain by an orc

Illustrated notes

Levels and vault maps discovered:
D:4:      layout_basic, nicolae_ossuary_entry_ruins, grunt_decor_arrowhead,
          uniq_sigmund
D:5:      layout_basic, tso_oasis_becter, lightli_minifort

Action                   || total
-------------------------++-------
Melee: Hand axe          ||    16
 Stab: Sleeping          ||     1
Armor: Leather armour    ||     3
Dodge: Dodged            ||    11

Table legend: (Time is in decaauts)
 A = Elapsed time spent in this place.
 B = Non-inter-level travel time spent in this place.
 C = Inter-level travel time spent in this place.
 D = Time resting spent in this place.
 E = Time spent auto-exploring this place.
 F = Levels seen in this place.
 G = Mean time per level.
                   A        B        C        D        E       F      G
               +--------+--------+--------+--------+--------+-----+--------+
         Total |    207 |    207 |      0 |     62 |     47 |   2 |  103.5 |
       Dungeon |    207 |    207 |      0 |     62 |     47 |   2 |  103.5 |
               +--------+--------+--------+--------+--------+-----+--------+

Top non-repeatable levels by time:
     D:5: 135 daAuts
     D:4: 72 daAuts
